 Dungeon Crawl Stone Soup version 0.28-a0-1524-ge72afd5fc6 (webtiles) character file.

Game seed: 6465644083587423684

478 comborobin the Ruffian (level 7, 0/48 HPs)
             Began as an Octopode Cinder Acolyte on Jan 18, 2022.
             Was a Believer of Ignis.
             Slain by a gnoll (7 damage)
             ... on level 4 of the Dungeon.
             The game lasted 00:01:52 (2919 turns).

comborobin the Ruffian (Octopode Cinder Acolyte)    Turns: 2919, Time: 00:01:53

Health: 0/48       AC:  1    Str: 14    XL:     7   Next: 11%
Magic:  8/8        EV: 12    Int: 18    God:    Ignis [**....]
Gold:   208        SH:  0    Dex:  7    Spells: 8/8 levels left

rFire   + + .      SeeInvis .   r - +8 mace "Lorutzuf" {chaos, rF+ Will+}
rCold   . . .      Faith    .   (no shield)
rNeg    . . .      Spirit   .   (helmet restricted)
rPois   .          Reflect  .   (no amulet)
rElec   .          Harm     .   (no ring)
rCorr   .          Rampage  .   (no ring)
Will    +....                   (no ring)
Stlth   ++........              (no ring)
HPRegen 0.16/turn               (no ring)
MPRegen 0.11/turn               (no ring)
                                (no ring)
                                (no ring)

@: no status effects
A: almost no armour, amphibious, 8 rings, camouflage 1, gelatinous body 1,
(nimble swimmer 1), tentacles
a: Renounce Religion, Fiery Armour, Foxfire Swarm, Rising Flame


You were on level 4 of the Dungeon.
You worshipped Ignis.
Ignis was pleased with you.
You visited 1 branch of the dungeon, and saw 4 of its levels.

You collected 208 gold pieces.

Inventory:

Hand Weapons
 n - the +6 whip "Ugyci" {vorpal, Str+5 Dex+4}
   (You found it on level 4 of the Dungeon)

   It inflicts extra damage upon your enemies.
   Str:       It affects your strength (+5).
   Dex:       It affects your dexterity (+4).
 r - the +8 mace "Lorutzuf" (weapon) {chaos, rF+ Will+}
   (You found it on level 4 of the Dungeon)

   Each time it hits an enemy it has a different, random effect.
   rF:        It protects you from fire.
   Will:      It increases your willpower.
Wands
 l - a wand of flame (20)
Scrolls
 a - 5 scrolls of identify {unknown}
 c - a scroll of immolation {unknown}
 e - 2 scrolls of teleportation {unknown}
 h - 2 scrolls of silence {unknown}
 m - a scroll of enchant weapon {unknown}
Potions
 b - a potion of brilliance {unknown}
 d - a potion of ambrosia {unknown}
 f - 2 potions of curing {unknown}
 g - 2 potions of mutation {unknown}
 i - 4 potions of degeneration {unknown}
 j - a potion of haste {unknown}
 k - a potion of lignification {unknown}
 o - a potion of berserk rage {unknown}
 p - a potion of heal wounds {unknown}
 q - a potion of cancellation {unknown}


   Skills:
 + Level 4.2 Fighting
 + Level 1.8 Dodging
 - Level 6.9 Unarmed Combat
 - Level 1.0 Spellcasting
 - Level 3.0 Fire Magic


You had 8 spell levels left.
You didn't know any spells.
Your spell library contained the following spells:

 Spells                   Type           Power      Damage    Failure   Level
 Scorch                   Fire           22%        2d6       9%          2
 Slow                     Hex            0%         N/A       21%         1
 Confusing Touch          Hex            0%         N/A       52%         3
 Vampiric Draining        Necr           0%         2d6       52%         3


Dungeon Overview and Level Annotations

Branches:
Dungeon (4/15)
 Temple: D:4-7

Altars:
Sif Muna


Innate Abilities, Weirdness & Mutations

You cannot wear most types of armour.
You are amphibious.
You can wear up to eight rings at the same time.
Your skin changes colour to match your surroundings (Stealth+).
Your rubbery body absorbs attacks. (AC +1, EV +1)
((You are camouflaged when in or above water. (Stealth+)))
You have tentacles for arms and can constrict up to eight enemies at once.


Message History

There is an open door here.
An orc is nearby!
You barely miss the orc. Your grab misses the orc. The orc closely misses you.
An orc is nearby!
You tentacle-slap the orc. Your grab misses the orc.
Your tentacle-slap misses the orc.
The orc is lightly wounded.
The orc hits you with a +0 dagger.
You barely miss the orc. Your grab misses the orc.
The orc is lightly wounded.
The orc barely misses you.
You barely miss the orc. You grab the orc.
The orc is lightly wounded.
You constrict the orc. The orc hits you with a +0 dagger.
You tentacle-slap the orc. You squeeze the orc.
You kill the orc!
No target in view!
You see here a +0 dagger.
No target in view!
No target in view!
You see here the +8 mace "Lorutzuf" {chaos, rF+ Will+}.
r - the +8 mace "Lorutzuf" {chaos, rF+ Will+} You open the door.
There is an open door here.
Okay, then.
The +8 mace "Lorutzuf" {chaos, rF+ Will+} is briefly surrounded by a scintillating aura of random colours.
r - the +8 mace "Lorutzuf" (weapon)
{chaos, rF+ Will+} You open the door.
A gnoll comes into view. It is wielding a +0 halberd.
A gnoll is nearby!
The gnoll shouts!
There is an open door here.
The gnoll hits you with a +0 halberd!
You barely miss the gnoll. You grab the gnoll. You constrict the gnoll.
The gnoll hits you with a +0 halberd! x2
* * * LOW HITPOINT WARNING * * *
You hit the gnoll but do no damage.
The gnoll is lightly wounded.
You constrict the gnoll. The gnoll hits you with a +0 halberd!
You die...

..# #.## #.# ..# #..# #.##
#.#################.#####).#
#.#........................#
#.#.....#'##..P..#######...#
#...P####).####### #...#
#....#.(#..').#..# #...#
#.#..#..#..#..#.g# #...#
..#..##'#####'#.@# # ##..#
#.....#..#....##'#..# #..#
#.....'.)'..........+ #..#
.....#####.########.# .....#
#..'...+ .. ..#..# +..#)).#
.# ..#.## ##.###### # .>#.#
#..# #.#.# #..#


You could see a gnoll.

Vanquished Creatures
  Grinder (D:3)
  A necrophage (D:4)
  An orc priest (D:4)
  A jelly (D:4)
  Terence (D:3)
  An orc wizard (D:4)
  2 adders
  A white imp (D:3)
  3 orcs (D:4)
  3 bats
  4 endoplasms
  3 giant cockroaches
  5 goblins
  6 hobgoblins
  3 jackals (D:3)
  6 kobolds
  3 quokkas
  7 ball pythons
  2 frilled lizards (D:3)
  A rat (D:1)
55 creatures vanquished.

Vanquished Creatures (others)
  47 foxfires (D:3)
  2 plants (D:3)
49 creatures vanquished.

Grand Total: 104 creatures vanquished

Notes
Turn   | Place    | Note
-------+----------+-------------------------------------------
     0 | D:1      | comborobin the Octopode Cinder Acolyte began the quest for
                  | the Orb.
     0 | D:1      | Reached XP level 1. HP: 16/16 MP: 2/2
   373 | D:1      | Reached XP level 2. HP: 21/21 MP: 3/3
  1013 | D:2      | Found a faded altar of an unknown god.
  1511 | D:3      | Reached skill level 4 in Unarmed Combat
  1608 | D:3      | Reached XP level 3. HP: 26/26 MP: 4/4
  1655 | D:3      | Noticed Grinder
  1666 | D:3      | Noticed Terence
  1680 | D:3      | Killed Grinder
  1681 | D:3      | Reached skill level 6 in Unarmed Combat
  1681 | D:3      | Reached XP level 4. HP: 9/31 MP: 5/5
  1681 | D:3      | Reached XP level 5. HP: 10/36 MP: 6/6
  1681 | D:3      | Reached XP level 6. HP: 12/42 MP: 7/7
  1681 | D:3      | Killed Terence
  2162 | D:3      | Found a shimmering blue altar of Sif Muna.
  2367 | D:4      | Identified the +6 whip "Ugyci" {vorpal, Str+5 Dex+4}
  2655 | D:4      | Noticed a necrophage
  2664 | D:4      | Killed a necrophage
  2665 | D:4      | Reached skill level 1 in Dodging
  2665 | D:4      | Reached XP level 7. HP: 48/48 MP: 8/8
  2906 | D:4      | Identified the +8 mace "Lorutzuf" {chaos, rF+ Will+}
  2919 | D:4      | Slain by a gnoll

Illustrated notes

Levels and vault maps discovered:
D:1:      dpeg_arrival_arbitrary_c, layout_rooms
D:2:      layout_basic, dreamdust_ecumenical_altar_grove, st_stairs_13,
          chequers_arboretum
D:3:      layout_rooms, mainiacjoe_overflow_alcove_4, minmay_shallow_snake_nest,
          uniq_grinder, uniq_terence
D:4:      corexii_shantytown, layout_basic, hangedman_abyss_or_decor_slice

Skill      XL: |  1  2  3  4  5  6 |
---------------+-------------------+-----
Unarmed Combat | 4 6 |  6.9
Fighting       | 4 |  4.2
Dodging        | 1 |  1.8
Spellcasting   | |  1.0
Fire Magic     | |  3.0

Action                   |  1- 3 |  4- 6 |  7- 9 || total
-------------------------+-------+-------+-------++-------
Melee: Unarmed           |    57 |    40 |    14 ||   111
       Constrict         |    14 |     9 |     2 ||    25
       Tentacles         |    15 |     4 |     2 ||    21
       Punch             |     2 |     1 |       ||     3
       Mace              |       |       |     2 ||     2
Invok: Foxfire Swarm     |     5 |       |       ||     5
 Stab: Sleeping          |     3 |     4 |       ||     7
Armor: Skin              |     3 |     3 |       ||     6
Dodge: Dodged            |    29 |    25 |     6 ||    60

Table legend: (Time is in decaauts)
 A = Elapsed time spent in this place.
 B = Non-inter-level travel time spent in this place.
 C = Inter-level travel time spent in this place.
 D = Time resting spent in this place.
 E = Time spent auto-exploring this place.
 F = Levels seen in this place.
 G = Mean time per level.
                   A        B        C        D        E       F      G
               +--------+--------+--------+--------+--------+-----+--------+
         Total |   2905 |   2847 |     58 |    114 |   2397 |   4 |  726.2 |
       Dungeon |   2905 |   2847 |     58 |    114 |   2397 |   4 |  726.2 |
               +--------+--------+--------+--------+--------+-----+--------+

Top non-repeatable levels by time:
     D:2: 925 daAuts
     D:3: 832 daAuts
     D:1: 577 daAuts
     D:4: 569 daAuts
